 Dungeon Crawl Stone Soup version 0.27-a0-1184-ge86db4a01e (webtiles) character file.

Game seed: 15104039464568914684

671 ZappyNine the Ruffian (level 7, -3/62 HPs)
             Began as an Ogre Transmuter on May 18, 2021.
             Was an Initiate of Dithmenos.
             Splashed by Ijyb's acid (15 damage)
             ... on level 5 of the Dungeon.
             The game lasted 00:05:58 (5809 turns).

ZappyNine the Ruffian (Ogre Transmuter)             Turns: 5809, Time: 00:05:58

Health: -3/62      AC: -6    Str: 15    XL:     7   Next: 58%
Magic:  6/10       EV: 20    Int: 14    God:    Dithmenos [......]
Gold:   522        SH:  0    Dex: 16    Spells: 6/10 levels left

rFire    . . .     SeeInvis .     - Unarmed
rCold    . . .     Faith    .   (shield currently unavailable)
rNeg     . . .     Spirit   .   (armour currently unavailable)
rPois    x         Reflect  .   (helmet currently unavailable)
rElec    .         Harm     .   (cloak currently unavailable)
rCorr    .         Rampage  .   (gloves unavailable)
Will     .....                  (boots unavailable)
Stlth    +.........             (no amulet)
HPRegen  0.20/turn              (no ring)
MPRegen  0.12/turn              (no ring)

@: spider-form (expiring), corroded, studying Axes
A: venomous fangs, tiny, unfitting armour, (tough skin 1)
a: End Transformation, Renounce Religion


You were on level 5 of the Dungeon.
You worshipped Dithmenos.
Dithmenos was noncommittal.
You were a venomous arachnid creature.
You visited 1 branch of the dungeon, and saw 5 of its levels.

You collected 522 gold pieces.

Inventory:

Missiles
 j - a throwing net
Armour
 a - a +0 robe (melded)
 n - a scarf of resistance (melded)
Magical Staves
 e - a staff of air
Jewellery
 f - an amulet of faith
Wands
 i - a wand of polymorph (6)
Scrolls
 c - a scroll of torment {unknown}
 m - a scroll of vulnerability
Potions
 b - a potion of resistance {unknown}
 d - a potion of magic {unknown}


   Skills:
 - Level 1.3 Fighting
 - Level 3.6 Dodging
 - Level 5.4 Unarmed Combat
 - Level 2.4 Spellcasting
 * Level 3.2 Transmutations
 + Level 3.3 Poison Magic


You had 6 spell levels left.
You knew the following spells:

 Your Spells              Type           Power      Damage    Failure   Level
a - Beastly Appendage     Tmut           20%        N/A       17%         1
b - Spider Form           Tmut/Pois      5%         N/A       38%         3

Your spell library contained the following spells:

 Spells                   Type           Power      Damage    Failure   Level
 Wereblood                Tmut           10%        N/A       22%         2
 Animate Skeleton         Necr           2%         N/A       43%         1
 Apportation              Tloc           2%         N/A       43%         1
 Corona                   Hex            1%         N/A       43%         1
 Summon Small Mammal      Summ           4%         N/A       43%         1
 Ice Form                 Ice/Tmut       6%         N/A       89%         4
 Hydra Form               Tmut           5%         N/A       95%         5


Dungeon Overview and Level Annotations

Branches:
Dungeon (5/15)
 Temple: D:4-7

Altars:
Dithmenos
Hepliaklqana
The Shining One

Shops:
D:2 (

Annotations:
D:5 Ijyb


Innate Abilities, Weirdness & Mutations

You are a venomous arachnid creature.
You have poisonous fangs.
You are tiny and dextrous.
Your spellcasting is less reliable in this form.
Your armour is entirely melded.
You are incapable of wielding weapons or throwing items.
You are too large for most types of armour.
((You have tough skin. (AC +1)))


Message History

You feel resistant to extremes of temperature.
Ijyb hits you with a +0 club.
You closely miss Ijyb. Ijyb misses you.
You barely miss Ijyb. Ijyb hits you with a +0 club.
Casting: Spider Form (dangerous; 19% risk of failure)
Confirm with . or Enter, or press ? or * to list all spells.
You turn into a venomous arachnid creature.
Your scarf of resistance melds into your body.
Your +0 robe melds into your body.
You feel hot and cold all over. Ijyb closely misses you.
Unknown command.
You hit Ijyb but do no damage. Ijyb completely misses you.
You barely miss Ijyb.
Ijyb zaps a wand.
The bolt of acid hits you! The acid corrodes you!
You are splashed with acid!
You hit Ijyb but do no damage. Ijyb misses you.
You hit Ijyb but do no damage.
Ijyb is poisoned.
Ijyb completely misses you.
You hit Ijyb.
Ijyb is lightly wounded.
Your transformation is almost over.
Ijyb hits you with a +0 club.
You completely miss Ijyb.
Ijyb is lightly wounded.
Ijyb barely misses you.
You hit Ijyb but do no damage.
Ijyb looks even sicker.
Ijyb is lightly wounded.
Ijyb closely misses you.
You closely miss Ijyb.
Ijyb is lightly wounded.
You hit Ijyb.
Ijyb looks as sick as possible!
Ijyb is moderately wounded.
Ijyb misses you.
You barely miss Ijyb.
Ijyb is heavily wounded.
Ijyb zaps a wand.
The bolt of acid misses you.
You bite Ijyb!
Ijyb is almost dead.
Ijyb zaps a wand.
The bolt of acid hits you!
* * * LOW HITPOINT WARNING * * *
The acid corrodes you!
You are splashed with acid!
You die...

#.#.........#
..#.######.##
### ### #.## #..
##.#####..## #.#
.........#.###.#
##.#####.##.#..#
#.###.#.#
#.......#
#.###s###
.......g...#
###........#
###......#
#.###.## #. .#
#. .# ≈≈ ≈≈


You could see Ijyb (extremely poisoned).

Vanquished Creatures
  A necrophage (D:5)
  A phantom (D:4)
  A scorpion (D:3)
  2 water moccasin skeletons (D:4)
  A howler monkey (D:4)
  A hound (D:4)
  2 jellies (D:4)
  A centaur skeleton (D:4)
  A bullfrog skeleton (D:4)
  An iguana (D:4)
  5 adders
  A white imp (D:4)
  A worm (D:3)
  A dart slug (D:4)
  An orc (D:4)
  8 ball pythons
  13 bats
  6 endoplasms
  7 giant cockroaches
  7 goblins
  12 hobgoblins
  5 jackals
  3 kobolds
  6 quokkas
  3 frilled lizards
  4 rats
95 creatures vanquished.

Notes
Turn   | Place    | Note
-------+----------+-------------------------------------------
     0 | D:1      | ZappyNine the Ogre Transmuter began the quest for the Orb.
     0 | D:1      | Reached XP level 1. HP: 19/19 MP: 3/3
   195 | D:1      | Reached skill level 3 in Unarmed Combat
   405 | D:1      | Reached XP level 2. HP: 27/27 MP: 3/5
   837 | D:1      | Found a faded altar of an unknown god.
  1492 | D:2      | Reached XP level 3. HP: 33/33 MP: 6/6
  1679 | D:2      | Reached skill level 4 in Unarmed Combat
  2535 | D:2      | Found Okuweyst's Antique Weapon Emporium.
  2783 | D:3      | Reached XP level 4. HP: 36/41 MP: 5/7
  3447 | D:3      | Noticed a scorpion
  3478 | D:3      | Killed a scorpion
  3479 | D:3      | Reached XP level 5. HP: 36/48 MP: 8/8
  3823 | D:3      | Learned a level 3 spell: Spider Form
  3928 | D:4      | Reached skill level 5 in Unarmed Combat
  3998 | D:4      | Found a glowing golden altar of the Shining One.
  4062 | D:4      | Found a shadowy altar of Dithmenos.
  4091 | D:4      | Reached XP level 6. HP: 11/55 MP: 9/9
  4380 | D:4      | Became a worshipper of Dithmenos the Shadowed
  4423 | D:4      | Reached skill level 1 in Poison Magic
  4926 | D:4      | Reached XP level 7. HP: 46/62 MP: 7/10
  5217 | D:4      | Found a hazy altar of Hepliaklqana.
  5418 | D:4      | Identified a scroll of acquirement
  5418 | D:4      | Acquired 313 gold pieces
  5702 | D:5      | Entered Level 5 of the Dungeon
  5783 | D:5      | Noticed Ijyb
  5809 | D:5      | Splashed by Ijyb's acid

Illustrated notes

Levels and vault maps discovered:
D:1:      lightli_arrival_maybe_door_vault, layout_basic,
          chequers_ecumenical_altar_simple_redux, serial_forest,
          infiniplex_forest_3_way, infiniplex_forest_lined_3,
          infiniplex_forest_diagonal, infiniplex_forest_lined_2,
          infiniplex_forest_corner_2, infiniplex_forest_lined_room_3,
          infiniplex_forest_lined_room_, infiniplex_forest_lined_room_,
          minmay_misc_feat_tiny
D:2:      minmay_spotlight, layout_basic, serial_shops, shop,
          minmay_pentomino_r2
D:3:      layout_basic
D:4:      minmay_diamond_boxcup, layout_basic, nicolae_dithmenos_shadow_blocks,
          old_standard_altar, kennysheep_little_box, gup_sewer_entry_pipe,
          minmay_fractal_squares_gapless_5
D:5:      layout_loops_ring, elyvilon_altar_5,
          minmay_temple_entry_statues_pillars, minmay_crystal_water, uniq_ijyb,
          uniq_duvessa

Skill      XL: |  1  2  3  4  5  6  7 |
---------------+----------------------+-----
Unarmed Combat | 3 4 5 |  5.4
Dodging        | 2 3 |  3.6
Poison Magic   | 2 3 |  3.3
Transmutations | 3 |  3.2
Fighting       | |  1.3
Spellcasting   | |  2.4

Action                   |  1- 3 |  4- 6 |  7- 9 || total
-------------------------+-------+-------+-------++-------
Melee: Unarmed           |   135 |   124 |    76 ||   335
       Kick              |    11 |    23 |       ||    34
       Headbutt          |    14 |    11 |       ||    25
       Punch             |     2 |     1 |     1 ||     4
 Cast: Beastly Appendage |    30 |    16 |       ||    46
       Spider Form       |       |     4 |     7 ||    11
  Use: Potion            |       |     5 |       ||     5
       Scroll            |       |     6 |     1 ||     7
 Stab: Sleeping          |       |     1 |       ||     1
Armor: Robe              |    59 |    30 |     6 ||    95
       Skin              |       |     2 |     1 ||     3
Dodge: Dodged            |    85 |    78 |    43 ||   206

Table legend: (Time is in decaauts)
 A = Elapsed time spent in this place.
 B = Non-inter-level travel time spent in this place.
 C = Inter-level travel time spent in this place.
 D = Time resting spent in this place.
 E = Time spent auto-exploring this place.
 F = Levels seen in this place.
 G = Mean time per level.
                   A        B        C        D        E       F      G
               +--------+--------+--------+--------+--------+-----+--------+
         Total |   5787 |   5578 |    209 |    908 |   3952 |   5 | 1157.4 |
       Dungeon |   5787 |   5578 |    209 |    908 |   3952 |   5 | 1157.4 |
               +--------+--------+--------+--------+--------+-----+--------+

Top non-repeatable levels by time:
     D:4: 1865 daAuts
     D:1: 1444 daAuts
     D:2: 1207 daAuts
     D:3: 1165 daAuts
     D:5: 104 daAuts
